 Dungeon Crawl Stone Soup version 0.23-a0-407-g92528d7 (webtiles) character file.

612 clean the Chopper (level 7, -1/64 HPs)
             Began as a Minotaur Berserker on Nov 7, 2018.
             Was a Priest of Trog.
             Shot with an arrow by a centaur (15 damage)
             ... on level 5 of the Dungeon.
             The game lasted 00:17:26 (4554 turns).

clean the Chopper (Minotaur Berserker)              Turns: 4554, Time: 00:17:27

Health: -1/64      AC:  3    Str: 23    XL:     7   Next: 20%
Magic:  6/6        EV: 13    Int:  4    God:    Trog [***...]
Gold:   299        SH:  3    Dex: 10    Spells: 6/6 levels left

rFire    . . .     SeeInvis .   k - +1 whip (venom)
rCold    . . .     Gourm    .   H - +0 buckler
rNeg     . . .     Faith    .   b - +1 animal skin
rPois    .         Spirit   .   (helmet restricted)
rElec    .         Reflect  .   (no cloak)
rCorr    .         Harm     .   (no gloves)
MR       ++...                  (no boots)
Stlth    +.........             (no amulet)
HPRegen  1.20/turn              (no ring)
MPRegen  0.10/turn              (no ring)

@: regenerating
A: retaliatory headbutt, horns 2
a: Berserk, Trog's Hand, Renounce Religion


You were on level 5 of the Dungeon.
You worshipped Trog.
Trog was most pleased with you.
You were not hungry.

You visited 1 branch of the dungeon, and saw 5 of its levels.
You also visited: Sewer.

You collected 299 gold pieces.

Inventory:

Hand Weapons
 a - a +1 hand axe
 j - a +1 hunting sling of flaming
 k - a +1 whip of venom (weapon)
 q - a +0 hand axe
 x - a +0 blowgun
Missiles
 e - 177 stones (quivered)
 p - a throwing net
 s - 34 sling bullets
 y - 14 poisoned needles
Armour
 b - a +1 animal skin (worn)
 H - a +0 buckler (worn)
Jewellery
 d - an uncursed amulet of magic regeneration
 u - an uncursed ring of fire {unknown}
 A - an uncursed ring of fire {unknown}
 E - an uncursed amulet of the gourmand {unknown}
 G - an uncursed amulet of guardian spirit {unknown}
Wands
 B - a wand of enslavement (9)
 D - a wand of disintegration (20)
Scrolls
 f - 4 scrolls of identify
 l - 2 scrolls of blinking
 m - 3 scrolls of teleportation
 o - a scroll of immolation
 w - 2 scrolls of enchant armour
 z - a scroll of fog
Potions
 g - a potion of cancellation {unknown}
 h - 2 potions of curing
 i - a potion of invisibility {unknown}
 n - a potion of haste {unknown}
 r - 2 potions of lignification
 t - a potion of berserk rage {unknown}
 v - a potion of mutation {unknown}
 C - a potion of heal wounds {unknown}
 F - 4 potions of flight
Comestibles
 c - 6 rations


   Skills:
 + Level 6.3 Fighting
 + Level 6.7 Axes
 - Level 2.9 Armour
 + Level 4.6 Dodging
 - Level 0.7 Stealth
 + Level 0.5 Shields


You had 6 spell levels left.
You didn't know any spells.
Your spell library was empty.

Dungeon Overview and Level Annotations

Branches:
Dungeon (5/15)             Temple (0/1) D:4

Altars:
Ashenzari
Uskayaw
Yredelemnul
The Shining One


Innate Abilities, Weirdness & Mutations

You reflexively headbutt those who attack you in melee.
You have a pair of horns on your head.


Message History

The shadow imp barely misses you.
The centaur unwields a +3 shortbow.
The centaur barely misses you.
Your skin crawls.
You feel resistant to hostile enchantments.
You feel somewhat more hungry.
You can no longer call in reinforcements.
The centaur misses you. You block the ogre's attack.
The shadow imp barely misses you.
You hit the ogre.
The ogre is lightly wounded.
Your ogre hits the ogre with a giant club!
The centaur hits you!
* * * LOW HITPOINT WARNING * * *
The centaur barely misses your ogre.
Your ogre hits the ogre with a giant club!!
The ogre dies!
Trog accepts your kill.
The centaur wields a +3 shortbow.
The centaur shoots an arrow.
The arrow hits you!
You die...

... ......#
.....#.....#
.....#..... ##
..?........ .#.
.......... ...
.........##.#
........§§§#
.......§@§#
......O§§§####.##
.....cc§5§§.....#
.....5§§§§......#
.#..§§§§§.....###
#...........##
.....##...#.##
..5c. #..##..#
.... ...# ...#


You could see a centaur, a shadow imp and a friendly ogre (berserk).

Vanquished Creatures
  An ogre (D:4)
  A scorpion (D:4)
  2 iguanas (D:4)
  Natasha (thrice) (D:2)
  2 worker ants
  A merfolk siren (Sewer)
  A merfolk avatar (Sewer)
  Robin (D:2)
  5 adders
  2 river rats (Sewer)
  An ooze (D:3)
  2 worms (D:4)
  A dart slug (D:1)
  5 leopard geckos
  2 orcs
  10 giant cockroaches
  12 goblins
  13 hobgoblins
  10 jackals
  4 kobolds
  3 quokkas (D:3)
  9 ball pythons
  6 bats
  6 frilled lizards
  26 rats
129 creatures vanquished.

Vanquished Creatures (collateral kills)
  An ogre (D:5)
1 creature vanquished.

Vanquished Creatures (others)
  A quokka (D:5)
1 creature vanquished.

Grand Total: 131 creatures vanquished

Notes
Turn   | Place    | Note
-------+----------+-------------------------------------------
     0 | D:1      | clean the Minotaur Berserker began the quest for the Orb.
     0 | D:1      | Reached XP level 1. HP: 19/19 MP: 0/0
   158 | D:1      | Reached XP level 2. HP: 27/27 MP: 1/1
  1015 | D:2      | Noticed Natasha
  1017 | D:2      | Killed Natasha
  1017 | D:2      | Reached ** piety under Trog
  1017 | D:2      | Reached XP level 3. HP: 34/34 MP: 2/2
  1094 | D:2      | Noticed Robin
  1104 | D:2      | Reached XP level 4. HP: 41/41 MP: 3/3
  1105 | D:2      | Killed Robin
  1364 | D:2      | Noticed Natasha
  1373 | D:2      | Killed Natasha
  1373 | D:2      | Reached skill level 5 in Axes
  1515 | D:2      | Noticed Natasha
  1521 | D:2      | Killed Natasha
  1527 | D:2      | Found a glowing golden altar of the Shining One.
  1672 | D:2      | Reached XP level 5. HP: 47/47 MP: 4/4
  1701 | D:2      | Reached skill level 5 in Fighting
  2660 | D:3      | Found a shattered altar of Ashenzari.
  2671 | D:3      | Reached *** piety under Trog
  3117 | D:4      | Noticed an ogre
  3123 | D:4      | Killed an ogre
  3123 | D:4      | Reached XP level 6. HP: 56/56 MP: 5/5
  3204 | D:4      | Found a basalt altar of Yredelemnul.
  3246 | D:4      | Found a hide-covered altar of Uskayaw.
  3580 | D:4      | Found a glowing drain.
  3584 | Sewer    | Entered a sewer
  3929 | Sewer    | Reached **** piety under Trog
  3929 | Sewer    | Reached XP level 7. HP: 63/63 MP: 6/6
  4265 | D:4      | Found a staircase to the Ecumenical Temple.
  4541 | D:5      | Entered Level 5 of the Dungeon
  4554 | D:5      | Shot with an arrow by a centaur

Vault maps used:
D:1:      dpeg_arrival_windows_large_door
D:2:      lemuel_round_altar, first_ration, kennysheep_potato, uniq_natasha,
          uniq_robin
D:3:      cheibrodos_ashenzari_chains
D:4:      nicolae_overflow_crystal_walls, eat_drink_and_be_merry_uskayaw,
          minmay_temple_entry_fiery, gup_sewer_entry_spiral,
          grunt_decor_clamped, minmay_cut_off
D:5:      elyvilon_altar_4, bloody_trog, xom_redecorated
Sewer:    sewer_sea

Skill      XL: |  1  2  3  4  5  6 |
---------------+-------------------+-----
Fighting       | 4 5 6 |  6.3
Axes           | 4 5 6 |  6.7
Dodging        | 3 4 |  4.6
Armour         | |  2.9
Stealth        | |  0.7
Shields        | |  0.5

Action                   |  1- 3 |  4- 6 |  7- 9 || total
-------------------------+-------+-------+-------++-------
Melee: Hand axe          |    39 |   108 |       ||   147
       Headbutt          |    11 |    34 |     5 ||    50
       Whip              |       |    75 |    45 ||   120
Throw: Stone             |       |     1 |       ||     1
Invok: Berserk           |     3 |     2 |       ||     5
       Trog's Hand       |     1 |       |     1 ||     2
       Brothers in Arms  |       |       |     1 ||     1
  Use: Scroll            |       |    10 |     3 ||    13
 Stab: Sleeping          |       |     3 |     1 ||     4
  Eat: Chunk             |     2 |     3 |       ||     5
       Ration            |       |     3 |     1 ||     4
Armor: Animal skin       |     7 |    22 |     6 ||    35
Dodge: Dodged            |    29 |   117 |    25 ||   171
Block: Buckler           |       |       |     5 ||     5

Table legend:
 A = Non-vault XP
 B = Vault XP
 C = Vault XP percentage of total XP
 D = Non-vault monster count
 E = Vault monster count
 F = Vault count percentage of total count
                 A         B        C        D         E       F
            +---------+---------+-------+---------+---------+-------
      Total |     567 |     308 |  35.2 |      66 |      64 |  49.2
            +---------+---------+-------+---------+---------+-------
        D:1 |      39 |       0 |   0.0 |      22 |       0 |   0.0
        D:2 |      82 |      78 |  48.8 |      12 |      16 |  57.1
        D:3 |     105 |       0 |   0.0 |      24 |       0 |   0.0
        D:4 |     278 |      70 |  20.1 |       7 |       8 |  53.3
        D:5 |      63 |       0 |   0.0 |       1 |       0 |   0.0
      Sewer |       0 |     160 | 100.0 |       0 |      40 | 100.0
            +---------+---------+-------+---------+---------+-------
